AA
SIOUX CITY EXPLORERS @ ST. PAUL SAINTS
08/24/2099
 
TOP OF THE 1ST
Kansas City T-Bones batting - Pitching for Milwaukee Milkmen : LHP Pat Zirkelbach
Pitching: LHP Pat Zirkelbach
Batting: RHB Nick Siguencia 0-0: Foul Ball, location: 9LDF
0-1: Ball
1-1: Reached on error, E5 (Groundball, 5, EV 85.6 MPH)
Batting: SHB Ricardo Trejo 0-0: Ball
1-0: Foul Ball, location: 5F
1-1: Foul Ball, location: 2LF
1-2: Strikes out swinging
Batting: RHB Ernie Broussard 0-0: Called Strike
0-1: Ball
1-1: Foul Ball, location: 2F
1-2: Foul Ball, location: 9LMF
1-2: Ball
2-2: Foul Ball, location: 2F
2-2: Foul Ball, location: 9LSF
2-2: Foul Ball, location: 23F
2-2: Fly out, F9 (Flyball, 89S, EV 91.9 MPH)
Batting: RHB Tyler Barker 0-0: Ball
1-0: Called Strike
1-1: Foul Ball, location: 9LMF
1-2: Fielders Choice at 2nd, 6-4 (Groundball, 6, EV 81.3 MPH)
Top of the 1st over - 0 runs, 0 hits, 1 error, 1 left on base; Kansas City 0 - Milwaukee 0
BOTTOM OF THE 1ST
Milwaukee Milkmen batting - Pitching for Kansas City T-Bones : RHP Billy Scholl
Pitching: RHP Billy Scholl
Batting: RHB Mike Westfall 0-0: Called Strike
0-1: Foul Ball, location: 9LMF
0-2: Foul Ball, location: 5F
0-2: Ball
1-2: Foul Ball, location: 9LDF
1-2: Foul Ball, location: 23F
1-2: Ball
2-2: Foul Ball, location: 2F
2-2: Ball
3-2: Foul Ball, location: 2F
3-2: Base on Balls
Batting: LHB Angelo Albarran 0-0: Fly out, F5 (Popup, 5SF, EV 86.9 MPH)
Batting: LHB Jason Heller 0-0: DOUBLE (Line Drive, 89D, EV 105.6 MPH)
Mike Westfall to third
Runner from 3rd tries for Home, SAFE, throw by RF to home
Batting: RHB Jose Carmona 0-0: Called Strike
0-1: Foul Ball, location: 2F
0-2: Ball
1-2: Ball
2-2: Fly out, F8 (Flyball, 8LS, EV 93.1 MPH)
Batting: SHB Randy Walker 0-0: Ball
1-0: Ball
2-0: Swinging Strike
2-1: Ball
3-1: Foul Ball, location: 2F
3-2: Ground out 4-3 (Groundball, 4, EV 86.3 MPH)
Bottom of the 1st over - 1 run, 1 hit, 0 errors, 1 left on base; Kansas City 0 - Milwaukee 1
TOP OF THE 2ND
Kansas City T-Bones batting - Pitching for Milwaukee Milkmen : LHP Pat Zirkelbach
Batting: LHB Matt Doucette 0-0: Foul Ball, location: 23F
0-1: Called Strike
0-2: Strikes out looking
Batting: LHB Daniel Mosley 0-0: Ball
1-0: Called Strike
1-1: Foul Ball, location: 5FF
1-2: Ball
2-2: Foul Ball, location: 9LSF
2-2: Strikes out swinging
Batting: LHB Tom Lawson 0-0: Ball
1-0: Foul Ball, location: 3F
1-1: Called Strike
1-2: Ball
2-2: Fly out, F9 (Flyball, 89M, EV 90.6 MPH)
Top of the 2nd over - 0 runs, 0 hits, 0 errors, 0 left on base; Kansas City 0 - Milwaukee 1
BOTTOM OF THE 2ND
Milwaukee Milkmen batting - Pitching for Kansas City T-Bones : RHP Billy Scholl
Batting: LHB Hector Duran 0-0: Ball
1-0: Ground out 6-3 (Groundball, 6M, EV 85.6 MPH)
Batting: LHB Alex Paull 0-0: Fly out, F9 (Flyball, 89D, EV 98.8 MPH)
Batting: RHB Mike Kressman 0-0: Ball
1-0: SINGLE (Line Drive, 78S, EV 88.1 MPH)
Batting: RHB Josh Welti 0-0: SINGLE (Flyball, 9S, EV 90.0 MPH)
Mike Kressman to second
Runner from 2nd tries for 3rd, SAFE, throw by RF made to third
Batting: RHB Mike Westfall 0-0: Called Strike
0-1: Ball
1-1: Ball
2-1: Ground out 6-3 (Groundball, 56, EV 63.1 MPH)
Bottom of the 2nd over - 0 runs, 2 hits, 0 errors, 2 left on base; Kansas City 0 - Milwaukee 1
TOP OF THE 3RD
Kansas City T-Bones batting - Pitching for Milwaukee Milkmen : LHP Pat Zirkelbach
Batting: RHB David Milanes 0-0: Fly out, F7 (Flyball, 78M, EV 91.3 MPH)
Batting: SHB Jose Arroyo 0-0: Ball
1-0: Foul Ball, location: 9LSF
1-1: Foul Ball, location: 9LMF
1-2: Foul Ball, location: 5F
1-2: Ball
2-2: Strikes out swinging
Batting: RHB Nick Siguencia 0-0: Ball
1-0: Ball
2-0: Ball
3-0: Called Strike
3-1: Called Strike
3-2: Strikes out looking
Top of the 3rd over - 0 runs, 0 hits, 0 errors, 0 left on base; Kansas City 0 - Milwaukee 1
BOTTOM OF THE 3RD
Milwaukee Milkmen batting - Pitching for Kansas City T-Bones : RHP Billy Scholl
Batting: LHB Angelo Albarran 0-0: Swinging Strike
0-1: Swinging Strike
0-2: Strikes out swinging
Batting: LHB Jason Heller 0-0: Called Strike
0-1: Ball
1-1: Foul Ball, location: 5DF
1-2: Ball
2-2: Ball
3-2: Fly out, F8 (Flyball, 89D, EV 88.1 MPH)
Batting: RHB Jose Carmona 0-0: Called Strike
0-1: Swinging Strike
0-2: Ball
1-2: Foul Ball, location: 2F
1-2: Hit by Pitch
Batting: SHB Randy Walker 0-0: Fielders Choice at 2nd, 6-4 (Groundball, 4M, EV 81.9 MPH)
Bottom of the 3rd over - 0 runs, 0 hits, 0 errors, 1 left on base; Kansas City 0 - Milwaukee 1
TOP OF THE 4TH
Kansas City T-Bones batting - Pitching for Milwaukee Milkmen : LHP Pat Zirkelbach
Batting: SHB Ricardo Trejo 0-0: Ball
1-0: Fly out, F8 (Line Drive, 8RM, EV 90.6 MPH)
Batting: RHB Ernie Broussard 0-0: Swinging Strike
0-1: Ball
1-1: Foul Ball, location: 2F
1-2: Foul Ball, location: 9LDF
1-2: Ball
2-2: Foul Ball, location: 9LMF
2-2: Foul Ball, location: 9LMFF
2-2: Ball
3-2: Base on Balls
Batting: RHB Tyler Barker 0-0: Called Strike
0-1: Ball
1-1: SINGLE (Groundball, 34D, EV 106.3 MPH)
Ernie Broussard to second
Runner from 2nd tries for 3rd, OUT! 9-5
Tyler Barker to second
Batting: LHB Matt Doucette 0-0: Swinging Strike
0-1: Ball
1-1: Ball
2-1: Swinging Strike
2-2: Ball
3-2: Strikes out swinging
Top of the 4th over - 0 runs, 1 hit, 0 errors, 1 left on base; Kansas City 0 - Milwaukee 1
BOTTOM OF THE 4TH
Milwaukee Milkmen batting - Pitching for Kansas City T-Bones : RHP Billy Scholl
Batting: LHB Hector Duran 0-0: Ball
1-0: SINGLE (Groundball, 34D, EV 105.6 MPH)
Batting: LHB Alex Paull 0-0: Foul Ball, location: 2LF
0-1: Fly out, F8 (Flyball, 78XD, EV 90.0 MPH)
Batting: RHB Mike Kressman 0-0: Fly out, F9 (Flyball, 89S, EV 93.1 MPH)
Batting: RHB Josh Welti 0-0: Ball
1-0: Ball
2-0: Called Strike
2-1: Ground out 1-3 (Groundball, 13S, EV 72.5 MPH)
Bottom of the 4th over - 0 runs, 1 hit, 0 errors, 1 left on base; Kansas City 0 - Milwaukee 1
TOP OF THE 5TH
Kansas City T-Bones batting - Pitching for Milwaukee Milkmen : LHP Pat Zirkelbach
Batting: LHB Daniel Mosley 0-0: Called Strike
0-1: Ball
1-1: Ball
2-1: Reached via error on a dropped throw from 1B, E1 (Groundball, 34S, EV 88.8 MPH)
Batting: LHB Tom Lawson 0-0: Ball
1-0: Swinging Strike
1-1: Ball
2-1: Called Strike
2-2: Strikes out looking
Batting: RHB David Milanes 0-0: Ball
1-0: Ball
2-0: Foul Ball, location: 9LDF
2-1: Foul Ball, location: 5F
2-2: Strikes out looking
Batting: SHB Jose Arroyo 0-0: Called Strike
0-1: Ball
1-1: Ball
2-1: Ball
3-1: Called Strike
3-2: Foul Ball, location: 9LMF
3-2: Strikes out swinging
Top of the 5th over - 0 runs, 0 hits, 1 error, 1 left on base; Kansas City 0 - Milwaukee 1
BOTTOM OF THE 5TH
Milwaukee Milkmen batting - Pitching for Kansas City T-Bones : RHP Billy Scholl
Batting: RHB Mike Westfall 0-0: Foul Ball, location: 5FF
0-1: Called Strike
0-2: Ball
1-2: Ball
2-2: Ball
3-2: Ground out 4-3 (Groundball, 4, EV 90.6 MPH)
Batting: LHB Angelo Albarran 0-0: Foul Ball, location: 2F
0-1: Foul Ball, location: 2F
0-2: Ball
1-2: Ball
2-2: Foul Ball, location: 7LMF
2-2: Foul Ball, location: 7LMF
2-2: Fly out, F8 (Line Drive, 8LD, EV 90.0 MPH)
Batting: LHB Jason Heller 0-0: Foul Ball, location: 5F
0-1: Fly out, F9 (Line Drive, 9, EV 88.1 MPH)
Bottom of the 5th over - 0 runs, 0 hits, 0 errors, 0 left on base; Kansas City 0 - Milwaukee 1
TOP OF THE 6TH
Kansas City T-Bones batting - Pitching for Milwaukee Milkmen : LHP Pat Zirkelbach
Pitching: LHP Francisco Zamarripa
Batting: RHB Nick Siguencia 0-0: Ball
1-0: Called Strike
1-1: Ball
2-1: Foul Ball, location: 7LMF
2-2: Foul Ball, location: 9LDF
2-2: Foul Ball, location: 2F
2-2: Foul Ball, location: 2F
2-2: Strikes out swinging
Batting: SHB Ricardo Trejo 0-0: Ball
1-0: SINGLE (Line Drive, 9LS, EV 92.5 MPH)
Batting: RHB Ernie Broussard 0-0: Called Strike
0-1: Ball
1-1: Swinging Strike
1-2: Foul Ball, location: 9LDF
1-2: Foul Ball, location: 9LMF
1-2: Strikes out swinging
Batting: RHB Tyler Barker 0-0: Ball
1-0: Ground out 1-3 (Groundball, 13S, EV 74.4 MPH)
Top of the 6th over - 0 runs, 1 hit, 0 errors, 1 left on base; Kansas City 0 - Milwaukee 1
BOTTOM OF THE 6TH
Milwaukee Milkmen batting - Pitching for Kansas City T-Bones : RHP Billy Scholl
Batting: RHB Jose Carmona 0-0: Ball
1-0: Foul Ball, location: 23F
1-1: Swinging Strike
1-2: Foul Ball, location: 5DF
1-2: Foul Ball, location: 25F
1-2: Strikes out swinging, 2-3 out at first.
Pitching: RHP John Davis
Batting: SHB Randy Walker 0-0: Ball
1-0: Foul Ball, location: 7LSF
1-1: Foul Ball, location: 3F
1-2: Foul Ball, location: 7LSF
1-2: Strikes out swinging
Batting: LHB Hector Duran 0-0: Called Strike
0-1: Foul Ball, location: 2F
0-2: Ball
1-2: SINGLE (Line Drive, 8LS, EV 98.8 MPH)
Batting: LHB Alex Paull 0-0: Called Strike
0-1: Swinging Strike
0-2: Foul Ball, location: 5FF
0-2: Fielders Choice at 2nd, U6 (Groundball, 4, EV 96.9 MPH)
Bottom of the 6th over - 0 runs, 1 hit, 0 errors, 1 left on base; Kansas City 0 - Milwaukee 1
TOP OF THE 7TH
Kansas City T-Bones batting - Pitching for Milwaukee Milkmen : LHP Francisco Zamarripa
Batting: LHB Matt Doucette 0-0: Called Strike
0-1: Ground out 4-3 (Groundball, 4, EV 84.4 MPH)
Batting: LHB Daniel Mosley 0-0: Ball
1-0: Swinging Strike
1-1: Ball
2-1: Foul Ball, location: 3F
2-2: Ball
3-2: Foul Ball, location: 3FF
3-2: Ground out U3 (Groundball, 3L, EV 98.8 MPH)
Batting: LHB Tom Lawson 0-0: Foul Ball, location: 2RF
0-1: Ball
1-1: Ball
2-1: Foul Ball, location: 2F
2-2: Ball
3-2: Strikes out looking
Top of the 7th over - 0 runs, 0 hits, 0 errors, 0 left on base; Kansas City 0 - Milwaukee 1
BOTTOM OF THE 7TH
Milwaukee Milkmen batting - Pitching for Kansas City T-Bones : RHP John Davis
Batting: RHB Mike Kressman 0-0: Ball
1-0: Called Strike
1-1: Fly out, F9 (Line Drive, 89S, EV 94.4 MPH)
Batting: RHB Josh Welti 0-0: Ball
1-0: Called Strike
1-1: Ball
2-1: Ball
3-1: Called Strike
3-2: Foul Ball, location: 9LSF
3-2: Base on Balls
Batting: RHB Mike Westfall 0-0: Called Strike
0-1: Foul Ball, location: 2F
0-2: Ball
1-2: Ball
2-2: Foul Ball, location: 3SF
2-2: Ball
3-2: Base on Balls
Josh Welti to second
Pitching: RHP Fernando Flores
Batting: LHB Angelo Albarran 0-0: Ball
1-0: Grounds into double play, 4-6-3 (Groundball, 34, EV 83.8 MPH)
Bottom of the 7th over - 0 runs, 0 hits, 0 errors, 1 left on base; Kansas City 0 - Milwaukee 1
TOP OF THE 8TH
Kansas City T-Bones batting - Pitching for Milwaukee Milkmen : LHP Francisco Zamarripa
Pitching: RHP Casey Bac
Batting: RHB David Milanes 0-0: Fly out, F7 (Flyball, 78M, EV 79.4 MPH)
Pinch Hitting: LHB Dave Boe 0-0: Ball
1-0: Called Strike
1-1: Ball
2-1: Foul Ball, location: 3FF
2-2: Foul Ball, location: 2F
2-2: Ball
3-2: Strikes out looking
Pinch Hitting: RHB Gyoo-jae Kim 0-0: Ball
1-0: Called Strike
1-1: Called Strike
1-2: Strikes out swinging
Top of the 8th over - 0 runs, 0 hits, 0 errors, 0 left on base; Kansas City 0 - Milwaukee 1
BOTTOM OF THE 8TH
Milwaukee Milkmen batting - Pitching for Kansas City T-Bones : RHP Fernando Flores
Now at 1B: Dave Boe
Now at SS: Ricardo Trejo
Now in CF: Hector Cano
Now in RF: Matt Doucette
Batting: LHB Jason Heller 0-0: Ball
1-0: SINGLE (Groundball, 6MD, EV 95.0 MPH)
Batting: RHB Jose Carmona 0-0: Ball
1-0: Fly out, F7 (Flyball, 7LM, EV 103.8 MPH)
Batting: SHB Randy Walker 0-0: Ball
1-0: Swinging Strike
1-1: Called Strike
Jason Heller steals 2nd base
1-2: Foul Ball, location: 23F
1-2: Foul Ball, location: 2F
1-2: Fly out, F6 (Popup, 6MD, EV 64.4 MPH)
Batting: LHB Hector Duran 0-0: Called Strike
0-1: Swinging Strike
0-2: Ball
1-2: Ball
2-2: Ball
3-2: Foul Ball, location: 7LMF
3-2: Foul Ball, location: 3FF
3-2: Ground out 3-1 (Groundball, 34, EV 90.6 MPH)
Bottom of the 8th over - 0 runs, 1 hit, 0 errors, 1 left on base; Kansas City 0 - Milwaukee 1
TOP OF THE 9TH
Kansas City T-Bones batting - Pitching for Milwaukee Milkmen : RHP Casey Bac
Pitching: RHP Alex Velasquez
Batting: SHB Ricardo Trejo 0-0: Called Strike
0-1: Ball
1-1: Foul Ball, location: 2F
1-2: Strikes out swinging
Batting: RHB Ernie Broussard 0-0: Ball
1-0: Foul Ball, location: 3FF
1-1: Fly out, F9 (Flyball, 89D, EV 84.4 MPH)
Batting: RHB Tyler Barker 0-0: Called Strike
0-1: Ball
1-1: Called Strike
1-2: Strikes out swinging
Top of the 9th over - 0 runs, 0 hits, 0 errors, 0 left on base; Kansas City 0 - Milwaukee 1
Wednesday, May 15th , 2024 - OOTP Baseball 24.11 Build 85